 Dungeon Crawl Stone Soup version 0.31.0-11-ge490571c62 (webtiles) character file.

Game seed: 2338777127587959084

222718 Tomate the Acrobat (level 18, -25/91 HPs)
             Began as a Spriggan Alchemist on Feb 7, 2024.
             Was an Initiate of Gozag.
             Killed from afar by a spellforged servitor (28 damage)
             ... summoned by Frederick
             ... on level 2 of the Vaults on Feb 9, 2024.
             The game lasted 03:46:10 (51136 turns).

Tomate the Acrobat (Spriggan Alchemist)            Turns: 51136, Time: 03:46:11

Health: -25/91     AC: 13    Str: 12    XL:     18   Next: 54%
Magic:  32/42      EV: 33    Int: 26    God:    Gozag
Gold:   4889       SH:  0    Dex: 17    Spells: 6/56 levels left

rFire   . . .        P - +2 hand axe of the Sea {drain, ^Fragile Fly rC+ Int+2}
rCold   + . .        (no shield)
rNeg    . . .        D - +3 steam dragon scales
rPois   .            S - +2 hat {Will+}
rElec   .            r - +2 cloak
rCorr   .            (gloves unavailable)
SInv    +            (boots unavailable)
Will    +++++        E - amulet of magic regeneration
Stlth   ++           U - ring of wizardry
HPRegen 0.35/turn    e - ring "Xetouxue" {Will+ Str+6 Int+3}
MPRegen 0.68/turn

%: wizardry (x1)
@: gold aura, flying, glowing, studying Axes, very quick
A: very small, no large weapons, unfitting armour, see invisible, speed 3
}: 1/15 runes: decaying
a: Renounce Religion, Potion Petition, Call Merchant, Bribe Branch


You were on level 2 of the Vaults.
You worshipped Gozag.
Gozag was most pleased with you.
You visited 9 branches of the dungeon, and saw 34 of its levels.
You also visited: Bailey.

You collected 13098 gold pieces.
You spent 6394 gold pieces at shops.
You paid 1815 gold pieces to Gozag.

Inventory:

Hand Weapons
 l - the +5 scythe "Finisher" {speed, execute}
   (You took it off a deep elf zephyrmancer on level 2 of the Elven Halls)
 s - the +8 hammer of the Candle {vamp, *Slow Str+5 Stlth+}
   (You found it on level 2 of the Dungeon)

   Str+5:     It affects your strength (+5).
   *Slow:     It may slow you when you take damage.
   Stlth+:    It makes you more stealthy.
 P - the +2 hand axe of the Sea (weapon) {drain, ^Fragile Fly rC+ Int+2}
   (You took it off a deep elf annihilator on level 3 of the Elven Halls)

   Int+2:     It affects your intelligence (+2).
   rC+:       It protects you from cold.
   Fly:       It grants you flight.
   ^Fragile:  It will be destroyed if unequipped.
Armour
 r - a +2 cloak (worn)
 D - +3 steam dragon scales (worn)
 O - the quicksilver dragon scales of Celyp {rPois Will+ Str+3 Int-4}
   (You bought it in a shop on level 2 of the Orcish Mines)

   Str+3:     It affects your strength (+3).
   Int-4:     It affects your intelligence (-4).
   rPois:     It protects you from poison Will+: It increases your willpower.
 S - a +2 hat of willpower (worn)
Jewellery
 e - the ring "Xetouxue" (right hand) {Will+ Str+6 Int+3}
   (You found it on level 15 of the Dungeon)

   [ring of strength]

   Str+6:     It affects your strength (+6).
   Int+3:     It affects your intelligence (+3).
   Will+:     It increases your willpower.
 g - a ring of resist corrosion
 E - an amulet of magic regeneration (around neck)
 I - a +4 ring of protection
 L - a ring of flight
 M - a ring of positive energy
 U - a ring of wizardry (left hand)
 V - a ring of fire
 W - a ring of poison resistance
Wands
 i - a wand of light (22)
 t - a wand of mindburst (27)
 w - a wand of flame (40)
 B - a wand of charming (22)
 C - a wand of iceblast (28) (quivered)
 X - a wand of polymorph (5)
Scrolls
 a - a scroll of fear
 c - 7 scrolls of enchant weapon
 d - 9 scrolls of poison
 f - a scroll of vulnerability
 j - 10 scrolls of fog
 k - 2 scrolls of silence
 m - 5 scrolls of brand weapon
 n - 4 scrolls of butterflies
 v - 8 scrolls of teleportation
 x - 5 scrolls of revelation
 y - 6 scrolls of immolation
 F - 5 scrolls of blinking
 T - 6 scrolls of identify
 Z - 2 scrolls of amnesia
Potions
 b - 3 potions of magic
 h - 10 potions of enlightenment
 o - 2 potions of curing
 p - 8 potions of brilliance
 q - 2 potions of resistance
 u - a potion of berserk rage
 z - 5 potions of mutation
 A - a potion of heal wounds
 G - 5 potions of might
 H - 3 potions of invisibility
 J - 6 potions of ambrosia
 K - 5 potions of lignification
 N - 2 potions of haste
 R - 2 potions of cancellation
Miscellaneous
 Q - a phantom mirror


   Skills:
 - Level 8.5 Fighting
 - Level 1.9 Armour
 + Level 21.1 Dodging
 - Level 5.1 Stealth
 + Level 19.5 Spellcasting
 + Level 10.3 Conjurations
 + Level 12.1 Earth Magic
 + Level 19.1 Alchemy


You had 6 spell levels left.
You knew the following spells:

 Your Spells              Type           Power      Damage    Failure   Level
a - Lehudib's Crystal Sp  Conj/Erth      35%        10d9      41%         8
b - Mercury Vapours       Alch/Air       100%       N/A       1%          2
c - Olgreb's Toxic Radia  Alch           90%        N/A       0%          4
d - Mephitic Cloud        Conj/Alch/Air  66%        N/A       1%          3
e - Irradiate             Conj/Alch      40%        3d25      1%          5
f - Ignite Poison         Fire/Alch      66%        N/A       1%          4
g - Orb of Destruction    Conj           34%        9d10      9%          7
h - Eringya's Noxious Bo  Alch           45%        4d6       1%          6
i - Bombard               Conj/Erth      35%        9d6       1%          6
j - Yara's Violent Unrav  Hex/Alch       33%        3d14      1%          5

Your spell library contained the following spells:

 Spells                   Type           Power      Damage    Failure   Level
 Sting                    Conj/Alch      100%       1d9       0%          1
 Alistair's Intoxication  Alch           60%        N/A       0%          5
 Foxfire                  Conj/Fire      100%       2x1d9     1%          1
 Kiss of Death            Conj/Necr      100%       2d13      1%          1
 Magic Dart               Conj           100%       1d8       1%          1
 Blink                    Tloc           50%        N/A       1%          2
 Call Imp                 Summ           50%        N/A       1%          2
 Cigotuvi's Dreadful Rot  Necr/Alch/Air  100%       N/A       1%          2
 Lesser Beckoning         Tloc           50%        N/A       1%          2
 Momentum Strike          Conj/Tloc      100%       3d10      1%          2
 Searing Ray              Conj           100%       2d8       1%          2
 Static Discharge         Conj/Air       100%       3-8/arc   1%          2
 Dazzling Flash           Conj/Hex       100%       N/A       1%          3
 Hailstorm                Conj/Ice       51%        3d10      1%          3
 Stone Arrow              Conj/Erth      100%       3d13      1%          3
 Brom's Barrelling Bould  Conj/Erth      71%        2d8       1%          4
 Fulminant Prism          Conj/Alch      40%        3d19      1%          4
 Iskenderun's Mystic Bla  Conj/Tloc      51%        2d11      1%          4
 Leda's Liquefaction      Alch/Erth      41%        N/A       1%          4
 Petrify                  Alch/Erth      82%        N/A       1%          4
 Sticky Flame             Fire/Alch      66%        2d11      1%          4
 Borgnjor's Vile Clutch   Necr/Erth      27%        N/A       1%          5
 Confusing Touch          Hex            25%        N/A       2%          3
 Frozen Ramparts          Ice            50%        1d8       2%          3
 Gell's Gravitas          Tloc           25%        N/A       2%          3
 Inner Flame              Hex/Fire       25%        N/A       2%          3
 Ozocubu's Armour         Ice            25%        N/A       2%          3
 Summon Ice Beast         Ice/Summ       25%        N/A       2%          3
 Teleport Other           Tloc           25%        N/A       2%          3
 Tukima's Dance           Hex            25%        N/A       2%          3
 Sculpt Simulacrum        Ice/Alch       33%        N/A       2%          6
 Freezing Cloud           Conj/Ice/Air   21%        6-21      4%          5
 Airstrike                Air            12%        2d(2-18)  7%          4
 Dispel Undead            Necr           25%        3d12      7%          4
 Passage of Golubria      Tloc           25%        N/A       7%          4
 Summon Blazeheart Golem  Fire/Summ      25%        N/A       7%          4
 Summon Lightning Spire   Summ/Air       25%        N/A       7%          4
 Starburst                Conj/Fire      25%        6d8       13%         6
 Curse of Agony           Necr           25%        N/A       19%         5
 Metabolic Englaciation   Hex/Ice        12%        N/A       19%         5
 Silence                  Hex/Air        12%        N/A       19%         5
 Shatter                  Erth           36%        3d29*     99%         9
 Ignition                 Fire           12%        3d6       100%        8
 Maxwell's Capacitive Co  Air            12%        ∞         100%        8


Dungeon Overview and Level Annotations

Branches:
Dungeon (15/15)            Temple (1/1) D:5            Lair (5/5) D:8
  Swamp (4/4) Lair:3        Snake (0/4) Lair:2        Slime (1/5) Lair:5
    Orc (2/2) D:9             Elf (3/3) Orc:2        Vaults (2/5) D:13
 Depths (1/4) D:15         Bailey (visited)
  Crypt: Vaults:2-3

Altars:
Ashenzari
Cheibriados
Dithmenos
Elyvilon
Fedhas
Gozag
Hepliaklqana
Kikubaaqudgha
Makhleb
Nemelex Xobeh
Okawaru
Qazlal
Ru
Sif Muna
Trog
Uskayaw
Vehumet
Wu Jian
Xom
Yredelemnul
Zin
The Shining One

Shops:
D:2 ?   D:10 !   D:13 =   Orc:2 [([?   Elf:1 *   Lair:1 :   Vaults:1 [

Portals:
Trove: D:11 (show abyssal rune of Zot)

Annotations:
D:9 exclusion: obsidian statue
Swamp:2 Mara
Orc:2 Mandevil's ghost, journeyman AtNe
Vaults:2 Frederick


Innate Abilities, Weirdness & Mutations

You are very small and have problems with some larger weapons.
You are too small for most types of armour.
You have supernaturally acute eyesight. (SInv)
You cover ground extremely quickly. (Speed+++)


Message History

Frederick seems to burn from within!!
Frederick is moderately wounded.
The ironbound thunderhulk seems to burn from within!!!
The ironbound thunderhulk is heavily wounded.
Frederick is poisoned.
The ironbound thunderhulk is poisoned.
Strange energies crackle from the ironbound thunderhulk's apparatus.
The ironbound thunderhulk blinks!
Frederick looks even sicker.
Frederick gestures at you while chanting.
The iron shot misses you.
Frederick is knocked back by the blast.
Your toxic aura wanes.
The spellforged servitor casts a spell.
The bolt of lightning hits you!! The fiery plasma hits you!!
Casting: Ignite Poison (safe; 1% risk of failure)
Confirm with . or Enter, or press ? or * to list all spells.
You begin to radiate toxic energy.
Frederick looks even sicker.
The ironbound thunderhulk looks even sicker.
Frederick looks as sick as possible!
The ironbound thunderhulk looks even sicker.
Frederick looks as sick as possible!
Electricity crackles from the ironbound thunderhulk's apparatus.
The bolt of lightning misses you.
Frederick looks as sick as possible!
Electricity crackles from the ironbound thunderhulk's apparatus.
The bolt of lightning misses you.
Casting: Olgreb's Toxic Radiance (safe; 0% risk of failure)
Confirm with . or Enter, or press ? or * to list all spells.
You ignite the poison in your surroundings!
Frederick seems to burn from within!!!
Frederick is heavily wounded.
The ironbound thunderhulk seems to burn from within!!!
You kill the ironbound thunderhulk!
Frederick is poisoned.
Your toxic aura wanes.
The spellforged servitor casts a spell.
The bolt of lightning hits you!!!
* * * LOW HITPOINT WARNING * * *
The fiery plasma hits you!!
You die...
Your body crumbles into a pile of gold.

....#...########.######'####...
....#...#......#$..............
....#...#......#...............
....#...#......#...9...........
#####...#......#....##########.
........#......#.@..').......#
........#......#....#.###'##.#
........#......#....#.'.#..#.#...
........####'###@...#.#)####)#...
....................#.####.#.#...
....................#.#.=#.#.#...
....................#.##'#'#.#...
....................#...[....#...
....................##########...
.................................
.................................
.................................


You could see Frederick (poisoned) and a spellforged servitor (summoned).

Vanquished Creatures
  Saint Roka (Orc:2)
  3 deep elf blademasters
  A sphinx (Vaults:2)
  A deep elf master archer (Elf:3)
  Gastronok (Lair:2)
  3 thorn hunters
  A fire giant (Vaults:1)
  3 vault wardens
  3 ironbound thunderhulks
  An orc warlord (Orc:2)
  4 ironbound preservers (Vaults:1)
  3 deep elf demonologists (Elf:3)
  4 eleionomae
  2 bunyips (Swamp:3)
  2 deep elf death magi
  10 dire elephants
  5 deep elf annihilators
  The ghost of Sadonosm the Carver, a journeyman DgSk (Lair:3)
  A yaktaur captain (Vaults:1)
  2 shambling mangroves (Swamp:4)
  A deep elf high priest (Elf:3)
  A rakshasa (D:15)
  Fannar (Lair:3)
  3 entropy weavers
  4 vault guards (D:13)
  2 great orbs of eyes (Vaults:1)
  A servant of whispers (Elf:2)
  Harold (Lair:2)
  7 centaur warriors
  26 hydras
  5 catoblepae
  3 ghost crabs (Swamp:4)
  An ironbound frostheart (Vaults:2)
  7 alligators
  4 two-headed ogres
  30 dancing weapons
  3 boulder beetles
  A deep troll earth mage (Elf:1)
  A tengu warrior (D:15)
  An orc high priest (Orc:2)
  A spriggan berserker (Swamp:4)
  11 death yaks
  16 deep elf knights
  Sonja (Lair:2)
  5 spriggan druids
  Amaemon (Lair:2)
  A goliath frog (Swamp:1)
  15 deep trolls
  10 swamp dragons
  4 bog bodies
  5 lindwurms
  17 deep elf pyromancers
  6 deep elf archers
  3 ironbound convokers
  2 orc sorcerers (Orc:2)
  20 deep elf zephyrmancers
  4 manticores
  An oklob plant (Lair:4)
  5 orc knights
  Maurice (Orc:2)
  6 ugly things
  4 will-o-the-wisps
  A salamander (D:15)
  3 cyclopes (D:14)
  3 meliai (D:13)
  8 elephants
  8 kobold blastminers
  7 black mambas
  A vault sentinel (Vaults:1)
  2 gargoyles (D:11)
  7 cane toads
  2 unseen horrors
  An orange demon (Lair:2)
  13 komodo dragons
  8 rime drakes
  Maggie (D:6)
  6 yaktaurs
  4 kobold demonologists
  A freezing wraith (D:15)
  A tengu conjurer (D:15)
  A guardian mummy (D:11)
  7 trolls
  9 tyrant leeches
  A queen bee (D:9)
  2 saltlings (Elf:2)
  3 polar bears (Lair:3)
  13 hornets
  11 blink frogs
  A bloated husk (Swamp:3)
  A raiju (shapeshifter) (Elf:1)
  3 air elementals
  A centaur simulacrum (D:14)
  12 spriggans
  16 slime creatures
  14 wyverns
  2 water elementals (Elf:3)
  2 vampires (D:12)
  2 fire elementals
  Eustachio (D:5)
  3 wraiths
  48 yaks
  A steam dragon (D:8)
  18 vampire mosquitoes
  11 basilisks
  5 wargs
  5 redbacks
  Menkaure (D:7)
  Duvessa (D:4)
  3 nagas (Lair:2)
  14 swamp worms
  13 water moccasins
  2 acid dragons
  44 orc warriors
  A sky beast (D:7)
  10 swamp drakes
  An ice beast (D:7)
  4 centaurs
  7 ogres
  4 wolves (Lair:3)
  4 kobold brigands
  4 gnoll sergeants (D:9)
  12 bullfrogs
  An earth elemental (Elf:1)
  3 wights (D:8)
  Dowan (D:4)
  17 killer bees (D:9)
  9 electric eels
  A bombardier beetle (D:3)
  4 howler monkeys
  A quasit (D:8)
  10 hounds
  Crazy Yiuf (D:2)
  11 orc priests
  3 gnoll boudas
  5 jellies
  3 sleepcaps
  Natasha (twice) (D:2)
  23 orc wizards
  5 hell rats (Lair:4)
  8 adders
  20 gnolls
  A shadow imp (D:7)
  2 ufetubi (D:5)
  3 dart slugs
  93 orcs
  15 endoplasms
  6 giant cockroaches
  12 hobgoblins
  2 jackals (D:9)
  41 kobolds
  7 quokkas
  10 ball pythons
  5 bats
  3 frilled lizards (D:2)
  14 goblins
  A goblin skeleton (D:8)
  2 kobold skeletons (D:8)
  2 kobold zombies (D:8)
  An orc skeleton (D:8)
  2 orc zombies (D:8)
  10 rats
1049 creatures vanquished.

Vanquished Creatures (others)
  An iguana (D:8)
  8 foxfires (Swamp:2)
  20 fulminant prisms
29 creatures vanquished.

Grand Total: 1078 creatures vanquished

Notes
Turn   | Place    | Note
-------+----------+-------------------------------------------
     0 | D:1      | Tomate the Spriggan Alchemist began the quest for the Orb.
     0 | D:1      | Reached XP level 1. HP: 9/9 MP: 5/5
   120 | D:1      | Reached skill level 3 in Dodging
   202 | D:1      | Reached XP level 2. HP: 13/13 MP: 4/6
   659 | D:1      | Reached XP level 3. HP: 10/16 MP: 3/8
  1237 | D:1      | Learned a level 2 spell: Mercury Vapours
  1413 | D:2      | Found Yluell's Magic Scroll Emporium.
  1431 | D:2      | Bought a scroll of identify for 22 gold pieces
  1431 | D:2      | Bought a scroll of identify for 22 gold pieces
  1431 | D:2      | Bought a scroll of identify for 22 gold pieces
  1451 | D:2      | Noticed Natasha
  1456 | D:2      | Killed Natasha
  1457 | D:2      | Reached XP level 4. HP: 20/21 MP: 3/10
  1462 | D:2      | Learned a level 4 spell: Olgreb's Toxic Radiance
  1630 | D:2      | Found a faded altar of an unknown god.
  1644 | D:2      | Noticed Natasha
  1652 | D:2      | Killed Natasha
  1653 | D:2      | Reached skill level 4 in Dodging
  2109 | D:2      | Found a runed translucent door.
  2110 | D:2      | Noticed Crazy Yiuf
  2120 | D:2      | Killed Crazy Yiuf
  2121 | D:2      | Reached XP level 5. HP: 24/24 MP: 3/12
  2193 | D:2      | Identified the +8 hammer of the Candle {vamp, *Slow Str+5
                  | Stlth+}
  2393 | D:3      | Reached skill level 5 in Stealth
  3737 | D:4      | Noticed Dowan
  3738 | D:4      | Noticed Duvessa
  3765 | D:4      | Killed Dowan
  3766 | D:4      | Reached XP level 6. HP: 13/29 MP: 1/13
  3912 | D:4      | HP: 1/29 [Duvessa/+1 short sword of flaming (5)]
  3913 | D:4      | Killed Duvessa
  3914 | D:4      | Reached skill level 1 in Fighting
  3914 | D:4      | Reached skill level 5 in Dodging
  3914 | D:4      | Reached skill level 5 in Alchemy
  4174 | D:4      | Found a broken altar of Ashenzari.
  4219 | D:4      | Reached skill level 5 in Spellcasting
  4514 | D:5      | Entered Level 5 of the Dungeon
  4659 | D:5      | Found a staircase to the Ecumenical Temple.
  4700 | Temple   | Entered the Ecumenical Temple
  4722 | Temple   | Became a worshipper of Gozag Ym Sagoz the Greedy
  4903 | D:5      | Reached XP level 7. HP: 33/33 MP: 9/15
  5303 | D:5      | Noticed Eustachio
  5313 | D:5      | Killed Eustachio
  5314 | D:5      | Reached skill level 6 in Dodging
  5873 | D:6      | Noticed Maggie
  5885 | D:6      | Killed Maggie
  5886 | D:6      | Reached XP level 8. HP: 35/39 MP: 2/18
  6652 | D:6      | Found a bloodstained altar of Trog.
  6883 | D:7      | Reached skill level 7 in Dodging
  8121 | D:7      | Noticed Menkaure
  8244 | D:7      | Killed Menkaure
  8245 | D:7      | Reached skill level 8 in Dodging
  8326 | D:7      | Reached XP level 9. HP: 16/45 MP: 6/21
  8753 | D:2      | Bought a scroll of fear for 44 gold pieces
  8753 | D:2      | Bought a scroll of teleportation for 33 gold pieces
  8753 | D:2      | Bought a scroll of brand weapon for 104 gold pieces
  8999 | D:8      | Learned a level 3 spell: Mephitic Cloud
  9103 | D:8      | Found a glowing golden altar of the Shining One.
  9200 | D:8      | Reached skill level 9 in Dodging
  9744 | D:8      | Reached skill level 5 in Fighting
  9925 | D:8      | Noticed a komodo dragon
  9939 | D:8      | Killed a komodo dragon
  9980 | D:8      | Found a staircase to the Lair.
 10005 | Lair:1   | Entered Level 1 of the Lair of Beasts
 10005 | Lair:1   | Noticed a komodo dragon
 10014 | Lair:1   | Killed a komodo dragon
 10015 | Lair:1   | Reached XP level 10. HP: 45/51 MP: 13/24
 10038 | Lair:1   | Noticed a cane toad
 10169 | D:9      | Noticed an obsidian statue
 10307 | D:9      | Found a snail-covered altar of Cheibriados.
 10357 | D:9      | Reached skill level 10 in Dodging
 10819 | D:9      | Found a staircase to the Orcish Mines.
 11146 | D:9      | Found an iron altar of Okawaru.
 11223 | D:9      | Reached skill level 10 in Spellcasting
 11402 | D:9      | Found a hide-covered altar of Uskayaw.
 11462 | D:9      | Noticed a sun demon
 11524 | D:10     | Entered Level 10 of the Dungeon
 11537 | D:10     | Noticed a two-headed ogre
 11556 | D:10     | Killed a two-headed ogre
 11557 | D:10     | Reached skill level 11 in Dodging
 11642 | D:10     | Found a flagged portal.
 11668 | Bailey   | Entered a bailey
 11859 | Bailey   | Reached skill level 10 in Alchemy
 11888 | Bailey   | Reached XP level 11. HP: 58/58 MP: 17/26
 12954 | D:10     | Found Jeimm's Distillery.
 12977 | D:10     | Bought a potion of curing for 39 gold pieces
 12977 | D:10     | Bought a potion of curing for 39 gold pieces
 12977 | D:10     | Bought a potion of might for 52 gold pieces
 12977 | D:10     | Bought a potion of curing for 39 gold pieces
 12977 | D:10     | Bought a potion of brilliance for 52 gold pieces
 13413 | Orc:1    | Entered Level 1 of the Orcish Mines
 13458 | Orc:1    | Noticed an orc knight
 13475 | Orc:1    | Killed an orc knight
 13485 | Orc:1    | Reached skill level 12 in Dodging
 14164 | Orc:2    | Entered Level 2 of the Orcish Mines
 14164 | Orc:2    | Found a radiant altar of Vehumet.
 14339 | Orc:2    | Noticed Mandevil's ghost (journeyman AtNe)
 14376 | Orc:2    | Found a runed translucent door.
 14491 | Orc:2    | Noticed an orc knight
 14526 | Orc:2    | Killed an orc knight
 14666 | Orc:2    | Noticed an orc sorcerer
 14668 | Orc:2    | Noticed an orc warlord
 14669 | Orc:2    | Noticed an orc knight
 14700 | Orc:2    | Killed an orc knight
 14703 | Orc:2    | Reached skill level 13 in Dodging
 14750 | Orc:2    | Killed an orc sorcerer
 14751 | Orc:2    | Reached XP level 12. HP: 43/64 MP: 7/29
 14751 | Orc:2    | Noticed an orc high priest
 15028 | Orc:2    | Noticed Maurice
 15304 | Orc:2    | Killed an orc high priest
 15469 | Orc:2    | Killed an orc warlord
 15481 | Orc:2    | Killed Maurice
 15697 | Orc:2    | Found Restiz's Magic Scroll Boutique.
 15705 | Orc:2    | Bought a scroll of enchant armour for 82 gold pieces
 15705 | Orc:2    | Bought a scroll of identify for 22 gold pieces
 15705 | Orc:2    | Bought a scroll of identify for 22 gold pieces
 15813 | Orc:2    | Found Osafeapp's Antique Armour Boutique.
 15857 | Orc:2    | Found a staircase to the Elven Halls.
 15913 | Orc:2    | Noticed Saint Roka
 16779 | Orc:2    | Found Veninour's Antique Armour Shop.
 16784 | Orc:2    | Found Beta's Antique Weapon Boutique.
 16843 | Orc:2    | Bought scorched quicksilver dragon scales for 2015 gold
                  | pieces
 16843 | Orc:2    | Identified the quicksilver dragon scales of Celyp {rPois
                  | Will+ Str+3 Int-4} (You bought it in a shop on level 2 of
                  | the Orcish Mines)
 17227 | Lair:1   | Noticed a catoblepas
 17267 | Lair:1   | Killed a catoblepas
 17268 | Lair:1   | Reached skill level 1 in Conjurations
 17446 | Lair:1   | Reached skill level 14 in Dodging
 17486 | Lair:1   | Reached skill level 1 in Earth Magic
 17491 | Lair:1   | Reached skill level 1 in Armour
 17854 | Lair:1   | Learned a level 5 spell: Irradiate
 18198 | Lair:2   | Identified the +1 pair of gloves of the Sea {Str+2}
 18286 | Lair:2   | Noticed Sonja
 18295 | Lair:2   | Killed Sonja
 18334 | Lair:2   | Noticed Amaemon
 18360 | Lair:2   | Killed Amaemon
 18446 | Lair:2   | Noticed Gastronok
 18651 | Lair:2   | Reached XP level 13. HP: 69/69 MP: 23/31
 18682 | Lair:2   | Killed Gastronok
 18887 | Lair:1   | Bought Vehumet's Precepts of Bombardment for 578 gold
                  | pieces
 18887 | Lair:1   | Bought a Trismegistus Codex for 476 gold pieces
 18892 | Lair:1   | Learned a level 4 spell: Ignite Poison
 19182 | Lair:2   | Noticed Harold
 19189 | Lair:2   | Killed Harold
 19330 | Lair:2   | Found a staircase to the Snake Pit.
 20109 | Lair:3   | Found a runed translucent gate.
 20110 | Lair:3   | Found a runed translucent gate.
 20110 | Lair:3   | Found a runed translucent gate.
 20141 | Lair:3   | Noticed Sadonosm's ghost (journeyman DgSk)
 20340 | Lair:3   | Noticed Fannar
 20345 | Lair:3   | Killed Fannar
 20402 | Lair:3   | Reached skill level 15 in Dodging
 20447 | Lair:3   | Found a staircase to the Swamp.
 21353 | Lair:3   | Killed Sadonosm's ghost
 21724 | Lair:4   | Reached skill level 5 in Earth Magic
 22054 | Lair:4   | Reached XP level 14. HP: 74/74 MP: 23/33
 22163 | Lair:4   | Reached skill level 16 in Dodging
 22499 | Lair:4   | Reached skill level 5 in Conjurations
 22609 | Lair:4   | Reached skill level 15 in Spellcasting
 23242 | Lair:5   | Entered Level 5 of the Lair of Beasts
 23511 | Lair:5   | Found a staircase to the Slime Pits.
 25213 | D:11     | Reached skill level 17 in Dodging
 25304 | D:11     | Learned a level 4 spell: Fulminant Prism
 25531 | D:11     | Found a portal to a secret trove of treasure.
 26746 | Lair:1   | Bought Enatoulul's Cyclopedia of the Kinetic Pyromaniac for
                  | 510 gold pieces
 26746 | Lair:1   | Bought a manual of Alchemy for 1360 gold pieces
 28019 | Orc:2    | Killed Saint Roka
 28106 | Orc:2    | Bought a scroll of teleportation for 33 gold pieces
 28225 | Elf:1    | Entered Level 1 of the Elven Halls
 28236 | Elf:1    | Reached XP level 15. HP: 78/78 MP: 28/36
 28426 | Lair:1   | Bought the Verses on the Floating Cwm for 748 gold pieces
 28905 | D:12     | Identified a scroll of acquirement
 28906 | D:12     | Acquired Great Wizards, Vol. II
 28915 | D:12     | Learned a level 6 spell: Eringya's Noxious Bog
 29166 | D:13     | Found a gate to the Vaults.
 29632 | D:13     | Found a hide-covered altar of Uskayaw.
 30035 | D:14     | Found a white marble altar of Elyvilon.
 30036 | D:14     | Found a glowing golden altar of the Shining One.
 30039 | D:14     | Found a glowing silver altar of Zin.
 30428 | D:14     | Identified the +1 ring mail "Ruycis" {rC++}
 30611 | D:15     | Entered Level 15 of the Dungeon
 30740 | D:15     | Acquired Rueboir's Codex of Fulmination
 30749 | D:15     | Learned a level 6 spell: Bombard
 30971 | D:15     | Reached skill level 18 in Dodging
 31769 | D:15     | Found a staircase to the Depths.
 31897 | D:15     | Identified the ring "Xetouxue" {Will+ Str+6 Int+3}
 31993 | D:15     | Found a shimmering blue altar of Sif Muna.
 33225 | Elf:1    | Learned a level 5 spell: Yara's Violent Unravelling
 33441 | Elf:1    | Found a huge runed translucent gate.
 33443 | Elf:1    | Found a huge runed translucent gate.
 33586 | Elf:1    | Found a huge runed translucent gate.
 33586 | Elf:1    | Found a huge runed translucent gate.
 33587 | Elf:1    | Found a huge runed translucent gate.
 33588 | Elf:1    | Found a huge runed translucent gate.
 33588 | Elf:1    | Found a huge runed translucent gate.
 33588 | Elf:1    | Found a huge runed translucent gate.
 33588 | Elf:1    | Found a huge runed translucent gate.
 33588 | Elf:1    | Found a huge runed translucent gate.
 33590 | Elf:1    | Found a huge runed translucent gate.
 33590 | Elf:1    | Found a huge runed translucent gate.
 33590 | Elf:1    | Found a huge runed translucent gate.
 33590 | Elf:1    | Found a huge runed translucent gate.
 33590 | Elf:1    | Found a huge runed translucent gate.
 33590 | Elf:1    | Found a huge runed translucent gate.
 33590 | Elf:1    | Found a huge runed translucent gate.
 33590 | Elf:1    | Found a huge runed translucent gate.
 33591 | Elf:1    | Found a huge runed translucent gate.
 33591 | Elf:1    | Found a huge runed translucent gate.
 33598 | Elf:1    | Noticed a deep elf blademaster
 33612 | Elf:1    | Killed a deep elf blademaster
 33621 | Elf:1    | Reached skill level 15 in Alchemy
 33626 | Elf:1    | Reached XP level 16. HP: 82/82 MP: 1/38
 33794 | Elf:1    | Found Pevy's General Store.
 33812 | Elf:1    | Bought a potion of heal wounds for 50 gold pieces
 33812 | Elf:1    | Bought a potion of curing for 30 gold pieces
 34984 | Elf:2    | Found a runed translucent gate.
 34984 | Elf:2    | Found a runed translucent gate.
 34992 | Elf:2    | Found a runed translucent gate.
 35988 | Elf:2    | Noticed a deep elf blademaster
 36008 | Elf:2    | Killed a deep elf blademaster
 36009 | Elf:2    | Reached skill level 19 in Dodging
 36686 | Elf:2    | Reached skill level 10 in Earth Magic
 37659 | Elf:3    | Entered Level 3 of the Elven Halls
 37875 | Elf:3    | Learned a level 7 spell: Orb of Destruction
 38825 | Elf:3    | Reached XP level 17. HP: 84/86 MP: 29/40
 38890 | Elf:3    | Identified the +2 hand axe of the Sea {drain, ^Fragile Fly
                  | rC+ Int+2}
 38965 | Elf:3    | Noticed a deep elf blademaster
 38999 | Elf:3    | Killed a deep elf blademaster
 39067 | Elf:3    | Noticed a deep elf master archer
 39074 | Elf:3    | Killed a deep elf master archer
 39653 | Slime:1  | Entered Level 1 of the Pits of Slime
 39654 | Slime:1  | Noticed an acid blob
 39712 | Swamp:1  | Entered Level 1 of the Swamp
 42164 | Swamp:3  | Reached skill level 20 in Dodging
 42425 | Swamp:3  | Noticed Mara
 42605 | Swamp:2  | Noticed Tomate's illusion
 42952 | Swamp:2  | Noticed Tomate's illusion
 43859 | Swamp:3  | Identified the +0 robe of the Loofah {*Slow rN++ Dex+4}
 44168 | Swamp:4  | Entered Level 4 of the Swamp
 46356 | Swamp:4  | Got a decaying rune of Zot
 46903 | D:15     | Learned a level 8 spell: Lehudib's Crystal Spear
 46971 | Depths:1 | Entered Level 1 of the Depths
 47042 | Vaults:1 | Entered Level 1 of the Vaults
 47311 | Vaults:1 | Reached XP level 18. HP: 91/91 MP: 31/42
 47379 | Vaults:1 | Found Vixim's Antique Armour Emporium.
 48055 | Vaults:1 | Reached skill level 10 in Conjurations
 49601 | Vaults:1 | Reached skill level 21 in Dodging
 51116 | Vaults:2 | Identified the orb of the Feral Barnacle {light, rC- MP+9
                  | Slay-3 Tloc}
 51116 | Vaults:2 | Noticed Frederick
 51136 | Vaults:2 | HP: 3/91 [spellforged servitor[Frederick] (36)]
 51136 | Vaults:2 | Killed from afar by a spellforged servitor

Illustrated notes

Levels and vault maps discovered:
D:1:      minmay_arrival_five_plusses, layout_basic, minmay_tetromino_i2
D:2:      layout_rooms, shapermc_ecumenical_altar_flowoftime, serial_shops,
          shop, uniq_crazy_yiuf_cottage, uniq_natasha
D:3:      layout_loops_corners
D:4:      layout_basic, evilmike_ruin_ashenzari, uniq_duvessa
D:5:      layout_basic, minmay_temple_entry_waves, uniq_eustachio
D:6:      layout_cave_pools, mainiacjoe_overflow_24_doors, uniq_maggie
D:7:      layout_basic, serial_bayou, serial_bayou_pond_d,
          serial_bayou_crossing, serial_bayou_shore_a, serial_bayou_lake_a,
          uniq_menkaure
D:8:      layout_basic, nicolae_tso_besieged_by_evil, david_lair_shrubbed
D:9:      layout_cross, marbit_many_paths, mainiacjoe_overflow_catwalk,
          okawaru_altar_gauntlet_db, david_orc_2, serial_gnoll_camp,
          gnoll_camp_mini_basic, gnoll_camp_huts_basic, gnoll_camp_mini_basic,
          gnoll_camp_mini_house, minmay_misc_feat_encased, minmay_door_square,
          minivault_16, minivault_7
D:10:     layout_layer_cave, enter_bailey_5, serial_shops, shop,
          minmay_misc_feat_chi
D:11:     layout_basic, nicolae_trove_entry_path_of_doom, minivault_22
D:12:     layout_grid_maze
D:13:     layout_basic, lightli_vaults_fourway_checkpoint,
          gauntlet_entry_generic, amethyst_killhole,
          chequers_serial_rivers_room_a, nicolae_uskayaw_dance_hall
D:14:     layout_rooms, good_gods_temple_1, nicolae_figureground_pulse
D:15:     hangedman_depths_entry_try_elsewhere_first, layout_irregular_city,
          minmay_strange_pillars, lemuel_blue_sif_altar
Temple:   nicolae_temple_bog_church
Lair:1:   layout_big_grid
Lair:2:   layout_cave_pods, guppyfry_snake_entry_island, lemuel_fruit_tree,
          uniq_gastronok, uniq_harold, uniq_sonja, uniq_amaemon
Lair:3:   layout_loops_ring, swamp_mist, gammafunk_ghost_split,
          serial_bayou_pond_b, cheibrodos_lair_lostbears,
          infiniplex_staircase_pool_2, uniq_fannar
Lair:4:   layout_roguey, special_room [special_room_mythical_zoo],
          grunt_megastairs_4
Lair:5:   evilmike_catoblepas_cave, layout_concentric_octagons,
          nicolae_slime_entry_slimehenge, minivault_26,
          chequers_serial_rivers_micro_b, chequers_serial_rivers_micro_a
Swamp:1:  layout_basic_swamp, evilmike_swamp_ruin_house_4, swamp_pool_3
Swamp:2:  layout_basic_swamp, evilmike_swamp_ruin_rubble_1
Swamp:3:  layout_basic_swamp, evilmike_swamp_ruin_house_3,
          infiniplex_staircase_pool, uniq_mara
Swamp:4:  swamp_basic_johnstein, layout_basic_swamp
Slime:1:  layout_caves
Orc:1:    layout_caves
Orc:2:    grunt_orc_community_town_hall, layout_caves,
          grunt_orc_community_big_house_2, grunt_orc_community_big_house_1,
          grunt_orc_community_house_1, grunt_orc_community_house_3,
          grunt_orc_community_house_2, grunt_orc_community_house_1,
          grunt_orc_community_house_2, hellmonk_ghost_happy_afterlife,
          basic_altar, uniq_saint_roka, uniq_maurice
Elf:1:    layout_gridlike, serial_shops, shop, hangedman_elf_represent,
          nicolae_elf_deep_friendship
Elf:2:    elven_hall_of_blades_hangedman_original
          [nicolae_blade_entry_pointy_end], layout_loops_corners,
          portal_desolation_entry_nicolae_nacl
Elf:3:    grunt_elf_hall_branching, layout_geoelf_castle
Vaults:1: hangedman_vaults_corner, nicolae_vaults_weapon_check,
          nicolae_vaults_big_angled_halls, nicolae_vaults_house_1,
          nicolae_vaults_bisected_inception, nicolae_vaults_two_Ls, v_pattern_2,
          nicolae_vaults_security_offices_6, vaults_dpeg_emergency_exit,
          vaults_room_corners, layout_vaults_chaotic_city, serial_shops, shop
Vaults:2: nicolae_vaults_tangram_1, nicolae_vaults_closet_pinwheel_4,
          minmay_crypt_entry_simple_plaza, vaults_dpeg_doors,
          nicolae_vaults_gold_heap, v_misc_12, ontoclasm_vaults_loading_screen,
          layout_vaults_omnigrid, uniq_frederick
Depths:1: layout_forbidden_donut, chequers_serial_rivers_room_a,
          hangedman_coc_ice_floe, fedhas_altar_fruit_tree

Skill      XL: |  1  2  3  4  5  6  7  8  9 10 11 12 13 14 15 16 17 18 |
---------------+-------------------------------------------------------+-----
Dodging        | 3 4 5 6 8 9 11 13 14 15 17 18 19 20 21 | 21.1
Spellcasting   | 3 4 5 6 7 9 10 12 13 14 16 17 18 19 | 19.5
Stealth        | 4 5 |  5.1
Alchemy        | 4 5 6 7 8 10 11 12 15 16 18 19 | 19.1
Fighting       | 1 2 4 5 6 7 8 |  8.5
Conjurations   | 2 4 6 7 8 9 10 | 10.3
Earth Magic    | 2 5 7 9 10 11 12 | 12.1
Armour         | 1 |  1.9

Action                     |  1- 3 |  4- 6 |  7- 9 | 10-12 | 13-15 | 16-18 || total
---------------------------+-------+-------+-------+-------+-------+-------++-------
  Melee: Dagger            |    11 |     5 |       |       |       |       ||    16
         Mace              |       |    42 |   121 |   190 |   226 |     5 ||   584
         Punch             |       |       |     2 |     4 |     4 |       ||    10
         Hand axe          |       |       |       |       |       |     5 ||     5
   Cast: Sting             |    68 |    95 |    69 |    63 |   201 |    16 ||   512
         Mercury Vapours   |     4 |    16 |    23 |    20 |     9 |       ||    72
         Olgreb's Toxic Ra |       |     2 |    78 |   258 |   196 |   174 ||   708
         Mephitic Cloud    |       |       |       |    56 |    48 |    17 ||   121
         Irradiate         |       |       |       |     6 |    33 |    10 ||    49
         Ignite Poison     |       |       |       |       |   193 |   192 ||   385
         Fulminant Prism   |       |       |       |       |    20 |       ||    20
         Eringya's Noxious |       |       |       |       |    33 |    44 ||    77
         Bombard           |       |       |       |       |     8 |   272 ||   280
         Orb of Destructio |       |       |       |       |       |    16 ||    16
 Invoke: Call Merchant     |       |       |       |       |     1 |     1 ||     2
    Use: Scroll            |     4 |     7 |     2 |    11 |    10 |     6 ||    40
         Potion            |       |     2 |     1 |     1 |     2 |     5 ||    11
   Stab: Sleeping          |       |     1 |     3 |       |       |       ||     4
         Distracted        |       |       |       |     2 |     2 |       ||     4
         Confused          |       |       |       |     4 |     1 |       ||     5
 Armour: Robe              |    20 |    27 |    18 |       |       |       ||    65
         Steam dragon scal |       |       |    53 |    94 |   193 |    80 ||   420
         Quicksilver drago |       |       |       |       |       |    64 ||    64
  Dodge: Dodged            |    51 |    80 |   186 |   373 |   563 |   251 ||  1504
